 Dungeon Crawl Stone Soup version 0.31-a0-339-gda1cbd555d (webtiles) character file.

Game seed: 7627892383199457184

875 Newt the Slasher (level 8, -6/63 (64) HPs)
             Began as a Merfolk Fighter on July 20, 2023.
             Was a Follower of Zin.
             Mangled by a sleepcap (13 damage)
             ... on level 4 of the Dungeon.
             The game lasted 00:05:27 (4750 turns).

Newt the Slasher (Merfolk Fighter)                  Turns: 4750, Time: 00:05:28

HP:   -6/63 (64)    AC:  7    Str: 28      XL:     8   Next: 4%
MP:   8/8           EV:  2    Int:  8      God:    Zin [*.....]
Gold: 168           SH:  0    Dex: 14 (15) Spells: 7/7 levels left

rFire   . . .        a - +0 long sword
rCold   . . .        c - +1 buckler
rNeg    . . .        b - +0 scale mail
rPois   .            (no helmet)
rElec   .            (no cloak)
rCorr   .            (no gloves)
SInv    .            k - +0 pair of boots
Will    .....        (no amulet) Stlth
                     g - +6 ring of strength
HPRegen 0.30/turn    w - +6 ring of strength
MPRegen 0.11/turn

%: no passive effects
@: sleeping, lightly drained
A: (nimble swimmer 2), mertail
a: Renounce Religion, Recite, Donate Gold


You were on level 4 of the Dungeon.
You worshipped Zin.
Zin was aware of your devotion.
You visited 2 branches of the dungeon, and saw 5 of its levels.
You also visited: Sewer.

You collected 274 gold pieces.
You spent 88 gold pieces at shops.
You donated 18 gold pieces to Zin.

Inventory:

Hand Weapons
 a - a +0 long sword (weapon)
 u - a +2 short sword of venom
Missiles
 f - 14 boomerangs
 l - 10 poisoned darts
Armour
 b - a +0 scale mail (worn)
 c - a +1 buckler (worn)
 k - a +0 pair of boots (worn)
Jewellery
 g - a +6 ring of strength (left hand)
 m - a ring of fire
 w - a +6 ring of strength (right hand)
Wands
 t - a wand of mindburst (16)
Scrolls
 d - 2 scrolls of enchant armour
 i - 2 scrolls of fear
 p - a scroll of enchant weapon
Potions
 e - a potion of attraction
 j - a potion of lignification
 n - a potion of enlightenment
 o - a potion of heal wounds
 q - a potion of brilliance
 r - a potion of ambrosia
 s - 2 potions of might
 x - 2 potions of invisibility
 z - a potion of experience {unknown}
 A - a potion of haste {unknown}


   Skills:
 - Level 6.0 Fighting
 + Level 6.8 Long Blades
 - Level 2.1 Armour
 - Level 4.0 Dodging
 - Level 3.0 Shields
 - Level 4.0 Evocations


You had 7 spell levels left.
You didn't know any spells.
Your spell library was empty.

Dungeon Overview and Level Annotations

Branches:
Dungeon (4/15)             Temple (1/1) D:4           Sewer (visited)

Altars:
Ashenzari
Cheibriados
Dithmenos
Elyvilon
Fedhas
Hepliaklqana
Kikubaaqudgha
Nemelex Xobeh
Okawaru
Qazlal
Ru
Sif Muna
Trog
Uskayaw
Vehumet
Wu Jian
Xom
Yredelemnul
Zin

Shops:
D:2 ![*


Innate Abilities, Weirdness & Mutations

((You are very nimble when in or above water. (Stealth+, EV+, Speed+++)))
Your lower body shifts to a powerful aquatic tail in water.


Message History

You are engulfed in a cloud of soporific spores!
You fall asleep.
The adder barely misses you.
You feel sick. The sleepcap barely misses you.
The adder bites you but does no damage.
You feel sick. The adder bites you but does no damage.
The sleepcap releases spores at you!!
You wake up.
* * * LOW HITPOINT WARNING * * *
You are engulfed in a cloud of soporific spores!
You are unaffected.
The adder bites you but does no damage.
Unknown command.
Unknown command.
Unknown command.
You feel sick. The adder bites you but does no damage.
Unknown command.
You feel sick.
Unknown command.
You feel sick.
Unknown command.
The sleepcap attacks as you move away! The sleepcap releases spores at you.
* * * LOW HITPOINT WARNING * * *
You feel sick.
You are no longer poisoned.
Unknown command.
Unknown command.
You feel better.
The sleepcap releases spores at you but does no damage.
You hit the sleepcap but do no damage.
The sleepcap is severely damaged.
The sleepcap releases spores at you.
* * * LOW HITPOINT WARNING * * *
The sleepcap misses you.
You completely miss the sleepcap.
The sleepcap is severely damaged.
The sleepcap releases spores at you.
* * * LOW HITPOINT WARNING * * *
You are engulfed in a cloud of soporific spores!
You fall asleep.
The sleepcap releases spores at you!
You die...

#..#####. ..# ....
.......#.##.# #.....#.#
.#####......# #.....#.#
....[.......####.......#
### ###...............
#...............# #####
#.##............# #...#
#)#####'##......# #...#
#.# #..#@?....# ....#
#.# ##Sf#####.#
....###.### ##.##
........#....##..###.##
..##.####..............
..##.##.#..............
..##....#!.............
..#####.#..........>...
..##....#..............


You could see a sleepcap and an adder.

Vanquished Creatures
  Sigmund (D:2)
  A kobold brigand (Sewer)
  2 quasits (Sewer)
  3 orc priests
  Natasha (thrice) (D:2)
  An orc wizard (D:3)
  5 adders
  3 shadow imps (Sewer)
  2 ufetubi (Sewer)
  A worm (D:2)
  A dart slug (D:3)
  17 orcs
  5 endoplasms
  5 giant cockroaches
  11 goblins
  9 hobgoblins
  11 jackals
  3 quokkas
  8 ball pythons
  6 bats
  3 frilled lizards
  17 kobolds
  A kobold zombie (Sewer)
  4 rats
123 creatures vanquished.

Vanquished Creatures (others)
  Grinder (Sewer)
1 creature vanquished.

Grand Total: 124 creatures vanquished

Notes
Turn   | Place    | Note
-------+----------+-------------------------------------------
     0 | D:1      | Newt the Merfolk Fighter began the quest for the Orb.
     0 | D:1      | Reached XP level 1. HP: 18/18 MP: 1/1
   277 | D:1      | Reached XP level 2. HP: 25/25 MP: 2/2
   707 | D:2      | Reached skill level 1 in Dodging
   853 | D:2      | Reached XP level 3. HP: 30/30 MP: 3/3
   882 | D:2      | Found Awkifuc's General Store.
   929 | D:2      | Noticed Sigmund
   944 | D:2      | Killed Sigmund
   945 | D:2      | Reached skill level 5 in Long Blades
   945 | D:2      | Reached XP level 4. HP: 19/37 MP: 4/4
   945 | D:2      | Reached XP level 5. HP: 22/42 MP: 5/5
  1105 | D:2      | Noticed Natasha
  1111 | D:2      | Killed Natasha
  1112 | D:2      | Reached XP level 6. HP: 32/48 MP: 6/6
  1120 | D:2      | Noticed Natasha
  1130 | D:2      | Killed Natasha
  1577 | D:2      | Noticed Natasha
  1591 | D:2      | Killed Natasha
  1862 | D:2      | Found Gehion's Distillery.
  1862 | D:2      | Found Qebrass's Antique Armour Boutique.
  1870 | D:2      | Bought a potion of curing for 33 gold pieces
  1870 | D:2      | Bought a potion of heal wounds for 55 gold pieces
  2244 | D:3      | HP: 2/50 [orc/+0 dagger (3)]
  2247 | D:3      | Reached skill level 5 in Fighting
  3098 | D:3      | Found a hazy altar of Hepliaklqana.
  3171 | D:3      | Reached XP level 7. HP: 56/56 MP: 7/7
  3194 | D:3      | Found a faded altar of an unknown god.
  3228 | D:3      | Found an ornate altar of the Wu Jian Council.
  3426 | D:4      | Found a glowing drain.
  3446 | Sewer    | Entered a sewer
  3663 | Sewer    | Found a burning altar of Makhleb.
  3690 | Sewer    | Reached skill level 1 in Evocations
  3946 | Sewer    | Noticed Grinder
  3958 | Sewer    | Paralysed by Grinder for 4 turns
  3962 | Sewer    | Killed Grinder
  4294 | D:4      | Found a staircase to the Ecumenical Temple.
  4304 | Temple   | Entered the Ecumenical Temple
  4317 | Temple   | Became a worshipper of Zin the Law-Giver
  4317 | Temple   | Reached * piety under Zin
  4534 | D:4      | Reached XP level 8. HP: 57/62 MP: 8/8
  4750 | D:4      | Mangled by a sleepcap

Illustrated notes

Levels and vault maps discovered:
D:1:      wheals_arrival_shading, layout_loops_ring, minmay_liquid_box
D:2:      layout_loops_corners, serial_shops, shop, shop,
          nicolae_shop_tiny_glass, minmay_goblin_kobold_house, uniq_natasha,
          uniq_sigmund
D:3:      layout_basic, marbit_many_paths, pdpol_wu_jian_five_deadly_venoms,
          dreamdust_ecumenical_altar_angels_and_demons, grunt_ministairs_13
D:4:      layout_basic, minmay_temple_entry_mini_moons, portal_sewer_entry_a
Temple:   sentei_temple_godly_chess

Skill      XL: |  1  2  3  4  5  6  7 |
---------------+----------------------+-----
Fighting       | 4 5 6 |  6.0
Dodging        | 2 4 |  4.0
Long Blades    | 5 6 |  6.8
Evocations     | 4 |  4.0
Armour         | |  2.1
Shields        | |  3.0

Action                     |  1- 3 |  4- 6 |  7- 9 || total
---------------------------+-------+-------+-------++-------
  Melee: Long sword        |    95 |   186 |   127 ||   408
         Short sword       |       |       |    63 ||    63
         Tailslap          |       |       |     3 ||     3
  Evoke: Wand              |       |       |     1 ||     1
    Use: Potion            |     1 |     1 |     1 ||     3
         Scroll            |       |     7 |     5 ||    12
 Armour: Scale mail        |    62 |    79 |   122 ||   263
  Dodge: Dodged            |    47 |   104 |   166 ||   317
  Block: Buckler           |    28 |    68 |    82 ||   178

Table legend: (Time is in decaauts)
 A = Elapsed time spent in this place.
 B = Non-inter-level travel time spent in this place.
 C = Inter-level travel time spent in this place.
 D = Time resting spent in this place.
 E = Time spent auto-exploring this place.
 F = Levels seen in this place.
 G = Mean time per level.
                   A        B        C        D        E       F      G
               +--------+--------+--------+--------+--------+-----+--------+
         Total |   4811 |   4646 |    165 |    931 |   2818 |   6 |  801.8 |
       Dungeon |   3992 |   3834 |    158 |    688 |   2453 |   4 |  998.0 |
        Temple |     20 |     13 |      7 |      0 |      0 |   1 |   20.0 |
         Sewer |    798 |    798 |      0 |    243 |    365 |   1 |  798.0 |
               +--------+--------+--------+--------+--------+-----+--------+

Top non-repeatable levels by time:
     D:2: 1547 daAuts
     D:3: 1122 daAuts
   Sewer: 798 daAuts
     D:1: 689 daAuts
     D:4: 632 daAuts
  Temple: 20 daAuts
